 Dungeon Crawl Stone Soup version 0.21-a0-630-g344d351 (webtiles) character file.

2409 tidbits the Magician (level 9, 34/65 HPs)
             Began as a Gnoll Earth Elementalist on Dec 26, 2017.
             Quit the game on level 7 of the Dungeon.
             The game lasted 00:16:47 (2099 turns).

tidbits the Magician (Gnoll Earth Elementalist)     Turns: 2099, Time: 00:16:47

Health: 34/65      AC:  5    Str: 10    XL:     9   Next: 47%
Magic:  18/18      EV: 16    Int: 22    God:
Gold:   509        SH:  0    Dex: 15    Spells: 14/21 levels left

rFire    . . .     SeeInvis .   a - +2 dagger (drain)
rCold    . . .     Gourm    .   (no shield)
rNeg     . . .     Faith    .   B - +2 robe
rPois    .         Spirit   .   (no helmet)
rElec    .         Reflect  .   C - +0 cloak
rCorr    +         Harm     .   (no gloves)
MR       .....                  (no boots)
Stlth    +++.......             q - amulet of rage
HPRegen  0.20/turn              r - ring of resist corrosion
MPRegen  0.16/turn              (no ring)

@: vulnerable
A: distributed training, fangs 1, strong nose
a: Evoke Berserk Rage


You were on level 7 of the Dungeon.
You were not hungry.

You visited 2 branches of the dungeon, and saw 11 of its levels.

You collected 509 gold pieces.

Inventory:

Hand Weapons
 a - a +2 dagger of draining (weapon)
   (You took it off an orc priest on level 7 of the Dungeon)
 g - a +0 hunting sling
 s - a +3 quarterstaff of chaos
   (You took it off Crazy Yiuf on level 5 of the Dungeon)
 x - a +1 battleaxe of freezing
   (You took it off Blork the orc on level 6 of the Dungeon)
 y - a +0 long sword
 F - a +0 dagger
 I - a +2 dire flail of crushing
   (You took it off Edmund on level 6 of the Dungeon)
 J - a -2 lajatang
 M - a +2 hand axe of freezing
   (You took it off an orc on level 9 of the Dungeon)
Missiles
 b - 12 stones
 j - 67 arrows
 l - 17 sling bullets
 A - 3 javelins of penetration (quivered)
 G - 3 tomahawks
Armour
 B - a +2 robe (worn)
 C - a +0 cloak (worn)
 K - a +0 ring mail of cold resistance
   (You took it off an orc on level 6 of the Dungeon)
 N - a +0 robe
Magical Staves
 z - an uncursed staff of death {unknown}
   (You found it on level 6 of the Dungeon)
Jewellery
 q - an amulet of rage (around neck)
   (You found it on level 4 of the Dungeon)
 r - a ring of resist corrosion (left hand)
   (You found it on level 5 of the Dungeon)
 t - the ring of the Greedy {Fire Str+6}
   (You found it on level 5 of the Dungeon)

   [ring of fire]

   It enhances your fire magic.
   It affects your strength (+6).
   It protects you from fire.
   It makes you vulnerable to cold.
Wands
 H - a wand of paralysis (1)
Scrolls
 d - a scroll of noise {unknown}
 h - 9 scrolls of identify
 k - 2 scrolls of remove curse
 o - a scroll of blinking {unknown}
 p - 2 scrolls of teleportation
 E - a scroll of vulnerability
 L - a scroll of fog {unknown}
 O - a scroll of enchant armour {unknown}
Potions
 f - 4 potions of haste {unknown}
 i - 3 potions of curing
 m - 2 potions of resistance {unknown}
 n - 2 potions of mutation {unknown}
 v - a potion of magic {unknown}
 w - 4 potions of heal wounds
Books
 e - a book of Geomancy

   Spells                             Type                      Level
   a - Sandblast                      Earth                        1
   b - Passwall                       Transmutation/Earth          2
   c - Stone Arrow                    Conjuration/Earth            3
   d - Petrify                        Transmutation/Earth          4
   e - Lee's Rapid Deconstruction     Earth                        5
Comestibles
 c - 11 rations
 u - 3 chunks of flesh


   Skills:
 + Level 4.2 Fighting
 + Level 4.2 Short Blades
 + Level 4.2 Long Blades
 + Level 4.2 Axes
 + Level 4.2 Maces & Flails
 + Level 4.2 Polearms
 + Level 4.2 Staves
 + Level 4.2 Slings
 + Level 4.2 Bows
 + Level 4.2 Crossbows
 + Level 4.2 Throwing
 + Level 4.2 Armour
 + Level 6.3 Dodging
 + Level 6.0 Stealth
 + Level 4.2 Shields
 + Level 4.2 Unarmed Combat
 + Level 6.6 Spellcasting
 + Level 3.4 Conjurations
 + Level 3.4 Hexes
 + Level 3.4 Charms
 + Level 3.4 Summonings
 + Level 3.4 Necromancy
 + Level 3.4 Translocations
 + Level 4.1 Transmutations
 + Level 3.4 Fire Magic
 + Level 3.4 Ice Magic
 + Level 3.4 Air Magic
 + Level 6.5 Earth Magic
 + Level 3.4 Poison Magic
 + Level 4.6 Invocations
 + Level 4.2 Evocations


You had 14 spell levels left.
You knew the following spells:

 Your Spells              Type           Power        Failure   Level  Hunger
a - Sandblast             Erth           #####.       1%          1    None
e - Petrify               Tmut/Erth      ####....     10%         4    ###....
p - Passwall              Tmut/Erth      ####......   1%          2    None


Dungeon Overview and Level Annotations

Branches:
Dungeon (10/15)            Temple (1/1) D:7            Lair (0/6) D:8
    Orc (0/2) D:10

Altars:
Ashenzari
Elyvilon
Gozag
Hepliaklqana
Kikubaaqudgha
Nemelex Xobeh
Okawaru
Qazlal
Ru
Sif Muna
Trog
Uskayaw
Wu Jian
Xom
Yredelemnul
Zin
The Shining One

Shops:
D:10 [

Annotations:
D:5 Dowan


Innate Abilities, Weirdness & Mutations

Your experience applies equally to all skills.
You have very sharp teeth.
Your uncanny sense of smell can sniff out nearby items.


Message History

The blast of sand hits the orc wizard.
You kill the orc wizard!
b - 13 stones
Casting: Sandblast
Confirm with . or Enter, or press ? or * to list all spells.
Aiming: Sandblast
Press: ? - help, Shift-Dir - straight line, f - orc
Aim: an orc, wielding a hand axe The blast of sand hits the orc.
You kill the orc!
b - 12 stones
Items here: ))) [[[ †
Okay, then.
Things that are here:
a hand axe; a hand axe of freezing
M - a hand axe of freezing
Found a scroll labeled ENWOLU EDWIRAA.
D - 2 scrolls labeled KENGO QYCHUCK (gained 1)
Found a stone staircase leading up.
O - a scroll labeled ENWOLU EDWIRAA
There is a stone staircase leading up here.
You climb upwards.
There is a stone staircase leading down here.
Found 9 gold pieces.
You now have 509 gold pieces (gained 9).
As you read the scroll labeled RUPHEI FEAZXUHY, it crumbles to dust.
You feel strangely unstable.
It was a scroll of teleportation.
As you read the scroll labeled FATHRE NOLUBOSK, it crumbles to dust.
Magic quickly surges around you.
It was a scroll of vulnerability.
As you read the scroll labeled KENGO QYCHUCK, it crumbles to dust.
You feel aware of your surroundings.
It was a scroll of magic mapping.
Your surroundings suddenly seem different. 3 porcupines, a black bear and an orc come into view.
Remove which piece of jewellery? (? for menu, Esc to quit)
You remove the ring of the Greedy {Fire Str+6}.
The black bear growls angrily.
You hear a screech!
You hear an angry growl.
The orc moves out of view.
A black bear comes into view.
The orc wizard shouts!
The porcupine bites the fungus!
The orc wizard casts a spell.
The orc wizard blinks!
Okay, then.
The orc wizard gestures at you while chanting.
You feel yourself slow down.
The porcupine twitches its whiskers.
The porcupine bites you!
A hippogriff and an orc come into view.
As you read the scroll of teleportation, it crumbles to dust.
You feel strangely unstable.
The orc wizard shouts!
The orc shouts!
The orc wizard gestures at you while chanting.
You resist with some effort.
The orc wizard points at you and mumbles some strange words.
The magic dart hits you! The porcupine closely misses you.
The hippogriff bites something but does no damage.
The hippogriff pecks something.
The hippogriff claws something!
The hippogriff screeches!
You hear an angry hiss.
The porcupine bites you.
The black bear bites the fungus.
The black bear claws the fungus. x2; The porcupine bites you!
The orc wizard casts a spell.
The orc wizard blinks!
The black bear bites you.
* * * LOW HITPOINT WARNING * * *
The black bear claws you.
* * * LOW HITPOINT WARNING * * *
The black bear barely misses you.
The black bear bites the plant.
The black bear claws the plant but does no damage. x2
The porcupine bites the plant.
The black bear bites you.
* * * LOW HITPOINT WARNING * * *
The black bear claws you but does no damage.
The black bear closely misses you.
The black bear bites the plant but does no damage.
The black bear claws the plant but does no damage.
The black bear claws the plant.
Something hits the plant but does no damage.
The porcupine bites you but does no damage.
The orc wizard casts a spell.
The orc wizard blinks!
The orc wizard gestures wildly while chanting.
The orc wizard blinks!
Your surroundings suddenly seem different.
A centaur comes into view.
The helpless centaur fails to defend itself.
You perforate the centaur like a sieve!!!
You kill the centaur!
j - 67 arrows (gained 26)
You see here a shortbow.
A hound comes into view.
You feel yourself speed up.
Autopickup is now off.
Found a stone staircase leading up.
Found a quarterstaff.
There is a stone staircase leading up here.
You climb upwards.
There is a stone staircase leading down here.
As you read the scroll of magic mapping, it crumbles to dust.
You feel aware of your surroundings.
Unknown command.
Are you sure you want to abandon this character and quit the game? (Confirm with "yes".)

##...#...## #......#
***##**##........[## #......#
#.....##...........# #......#
#..................# #......#
#.....*#Y....(.....###......#
#.....*##..........<.....####
#.....##[()[......######.###
#.....#..#######.## #...# ###
........## #..@# #..[# #..
#.####<.# #.### #...# #..
#..##...## #.* ####...# #..
##.##.##.## #,######......## #..
.......#..##**,#...........<###..
............,,...####........##..
⌠...⌠..#...##,**** #.....[.......
.......#.#.#.,* #...........##
..>......#.#.#* #...........#


There were no monsters in sight!

Vanquished Creatures
  Prince Ribbit (D:6)
  A wyvern (D:9)
  Edmund (D:6)
  An orc warrior (D:7)
  3 sky beasts (D:7)
  An ogre (D:7)
  A phantom (D:5)
  3 centaurs
  Blork the orc (D:6)
  2 bullfrogs
  A water moccasin skeleton (D:7)
  A scorpion (D:7)
  3 killer bees (D:7)
  3 crimson imps (D:5)
  A jelly (D:7)
  4 orc priests
  3 hounds
  Crazy Yiuf (D:5)
  An iguana (D:6)
  5 orc wizards
  4 worker ants
  A hound skeleton (D:3)
  3 adders
  3 shadow imps
  An ooze (D:1)
  2 dart slugs
  2 leopard geckos
  19 orcs
  5 bats
  3 giant cockroaches
  2 goblins (D:1)
  2 hobgoblins (D:1)
  2 jackals (D:9)
  3 quokkas
  2 frilled lizards
  A quokka skeleton (D:6)
  A rat (D:1)
94 creatures vanquished.

Vanquished Creatures (others)
  A fungus (D:8)
1 creature vanquished.

Grand Total: 95 creatures vanquished

Notes
Turn   | Place    | Note
-------+----------+-------------------------------------------
     0 | D:1      | tidbits the Gnoll Earth Elementalist began the quest for the Orb.
     0 | D:1      | Reached XP level 1. HP: 13/13 MP: 6/6
    44 | D:2      | Reached skill level 2 in Transmutations
    44 | D:2      | Reached XP level 2. HP: 19/19 MP: 2/7
    49 | D:2      | Learned a level 2 spell: Passwall
   184 | D:1      | Reached skill level 5 in Spellcasting
   184 | D:1      | Reached XP level 3. HP: 25/25 MP: 5/9
   226 | D:1      | Found a shattered altar of Ashenzari.
   450 | D:3      | Reached skill level 1 in Invocations
   468 | D:3      | Reached skill level 1 in Fighting
   468 | D:3      | Reached skill level 1 in Short Blades
   468 | D:3      | Reached skill level 1 in Long Blades
   468 | D:3      | Reached skill level 1 in Axes
   468 | D:3      | Reached skill level 1 in Maces & Flails
   468 | D:3      | Reached skill level 1 in Polearms
   468 | D:3      | Reached skill level 1 in Staves
   468 | D:3      | Reached skill level 1 in Slings
   468 | D:3      | Reached skill level 1 in Bows
   468 | D:3      | Reached skill level 1 in Crossbows
   468 | D:3      | Reached skill level 1 in Throwing
   468 | D:3      | Reached skill level 1 in Armour
   468 | D:3      | Reached skill level 1 in Shields
   468 | D:3      | Reached skill level 1 in Unarmed Combat
   468 | D:3      | Reached skill level 1 in Evocations
   531 | D:5      | Entered Level 5 of the Dungeon
   667 | D:4      | Found an ancient bone altar of Kikubaaqudgha.
   711 | D:4      | Reached XP level 4. HP: 32/32 MP: 8/11
   751 | D:5      | Reached skill level 1 in Conjurations
   751 | D:5      | Reached skill level 1 in Hexes
   751 | D:5      | Reached skill level 1 in Charms
   751 | D:5      | Reached skill level 1 in Summonings
   751 | D:5      | Reached skill level 1 in Necromancy
   751 | D:5      | Reached skill level 1 in Translocations
   751 | D:5      | Reached skill level 1 in Fire Magic
   751 | D:5      | Reached skill level 1 in Ice Magic
   751 | D:5      | Reached skill level 1 in Air Magic
   751 | D:5      | Reached skill level 1 in Poison Magic
   767 | D:5      | Reached XP level 5. HP: 37/37 MP: 10/12
   773 | D:5      | Learned a level 4 spell: Petrify
   851 | D:5      | Found a runed door.
   855 | D:5      | Noticed Crazy Yiuf
   860 | D:5      | Killed Crazy Yiuf
   905 | D:5      | Noticed a phantom
   907 | D:5      | Got a scintillating silver ring
   908 | D:5      | Identified the ring of the Greedy {Fire Str+6} (You found it on level 5 of the Dungeon)
   914 | D:5      | Killed a phantom
   914 | D:5      | Reached skill level 2 in Invocations
   914 | D:5      | Reached XP level 6. HP: 34/44 MP: 8/14
   939 | D:5      | Reached skill level 5 in Dodging
   971 | D:5      | Reached skill level 2 in Fighting
   971 | D:5      | Reached skill level 2 in Short Blades
   971 | D:5      | Reached skill level 2 in Long Blades
   971 | D:5      | Reached skill level 2 in Axes
   971 | D:5      | Reached skill level 2 in Maces & Flails
   971 | D:5      | Reached skill level 2 in Polearms
   971 | D:5      | Reached skill level 2 in Staves
   971 | D:5      | Reached skill level 2 in Slings
   971 | D:5      | Reached skill level 2 in Bows
   971 | D:5      | Reached skill level 2 in Crossbows
   971 | D:5      | Reached skill level 2 in Throwing
   971 | D:5      | Reached skill level 2 in Armour
   971 | D:5      | Reached skill level 2 in Shields
   971 | D:5      | Reached skill level 2 in Unarmed Combat
   971 | D:5      | Reached skill level 2 in Evocations
  1009 | D:5      | Noticed Dowan
  1030 | D:6      | Noticed Blork the orc
  1034 | D:6      | Killed Blork the orc
  1044 | D:6      | Reached XP level 7. HP: 44/50 MP: 7/15
  1259 | D:6      | Reached skill level 2 in Conjurations
  1259 | D:6      | Reached skill level 2 in Hexes
  1259 | D:6      | Reached skill level 2 in Charms
  1259 | D:6      | Reached skill level 2 in Summonings
  1259 | D:6      | Reached skill level 2 in Necromancy
  1259 | D:6      | Reached skill level 2 in Translocations
  1259 | D:6      | Reached skill level 2 in Fire Magic
  1259 | D:6      | Reached skill level 2 in Ice Magic
  1259 | D:6      | Reached skill level 2 in Air Magic
  1259 | D:6      | Reached skill level 2 in Poison Magic
  1315 | D:6      | Noticed Prince Ribbit
  1333 | D:6      | Killed Prince Ribbit
  1333 | D:6      | Reached skill level 5 in Stealth
  1333 | D:6      | Reached skill level 3 in Transmutations
  1333 | D:6      | Reached skill level 3 in Invocations
  1375 | D:7      | Found an iron altar of Okawaru.
  1409 | D:7      | Reached skill level 6 in Earth Magic
  1409 | D:7      | Reached XP level 8. HP: 57/57 MP: 13/16
  1469 | D:7      | Reached skill level 3 in Fighting
  1469 | D:7      | Reached skill level 3 in Short Blades
  1469 | D:7      | Reached skill level 3 in Long Blades
  1469 | D:7      | Reached skill level 3 in Axes
  1469 | D:7      | Reached skill level 3 in Maces & Flails
  1469 | D:7      | Reached skill level 3 in Polearms
  1469 | D:7      | Reached skill level 3 in Staves
  1469 | D:7      | Reached skill level 3 in Slings
  1469 | D:7      | Reached skill level 3 in Bows
  1469 | D:7      | Reached skill level 3 in Crossbows
  1469 | D:7      | Reached skill level 3 in Throwing
  1469 | D:7      | Reached skill level 3 in Armour
  1469 | D:7      | Reached skill level 3 in Shields
  1469 | D:7      | Reached skill level 3 in Unarmed Combat
  1469 | D:7      | Reached skill level 3 in Evocations
  1480 | D:7      | Reached skill level 6 in Spellcasting
  1522 | D:6      | Noticed Edmund
  1533 | D:6      | Killed Edmund
  1654 | D:7      | Found a staircase to the Ecumenical Temple.
  1663 | Temple   | Entered the Ecumenical Temple
  1766 | D:7      | Reached skill level 4 in Invocations
  1769 | D:7      | Reached skill level 3 in Conjurations
  1769 | D:7      | Reached skill level 3 in Hexes
  1769 | D:7      | Reached skill level 3 in Charms
  1769 | D:7      | Reached skill level 3 in Summonings
  1769 | D:7      | Reached skill level 3 in Necromancy
  1769 | D:7      | Reached skill level 3 in Translocations
  1769 | D:7      | Reached skill level 3 in Fire Magic
  1769 | D:7      | Reached skill level 3 in Ice Magic
  1769 | D:7      | Reached skill level 3 in Air Magic
  1769 | D:7      | Reached skill level 3 in Poison Magic
  1769 | D:7      | Reached XP level 9. HP: 65/65 MP: 18/18
  1786 | D:7      | Reached skill level 6 in Dodging
  1884 | D:10     | Entered Level 10 of the Dungeon
  1955 | D:9      | Reached skill level 4 in Fighting
  1955 | D:9      | Reached skill level 4 in Short Blades
  1955 | D:9      | Reached skill level 4 in Long Blades
  1955 | D:9      | Reached skill level 4 in Axes
  1955 | D:9      | Reached skill level 4 in Maces & Flails
  1955 | D:9      | Reached skill level 4 in Polearms
  1955 | D:9      | Reached skill level 4 in Staves
  1955 | D:9      | Reached skill level 4 in Slings
  1955 | D:9      | Reached skill level 4 in Bows
  1955 | D:9      | Reached skill level 4 in Crossbows
  1955 | D:9      | Reached skill level 4 in Throwing
  1955 | D:9      | Reached skill level 4 in Armour
  1955 | D:9      | Reached skill level 4 in Shields
  1955 | D:9      | Reached skill level 4 in Unarmed Combat
  1955 | D:9      | Reached skill level 4 in Transmutations
  1955 | D:9      | Reached skill level 4 in Evocations
  1978 | D:10     | Found a staircase to the Orcish Mines.
  1978 | D:10     | Found Bizumyhi's Armour Shoppe.
  2039 | D:9      | Reached skill level 6 in Stealth
  2099 | D:7      | Quit the game

Vault maps used:
D:1:      nzn_arrival_water_spiral, minmay_misc_feat_cross,
          evilmike_ruin_ashenzari
D:2:      grunt_ministairs_13, uniq_sigmund
D:3:      minmay_rat_hole, uniq_robin
D:4:      minitemple, lemuel_crystal_altar
D:5:      first_ration, hangedman_abyss_or_decor_lesser_grid, uniq_duvessa,
          uniq_crazy_yiuf_cottage
D:6:      st_stairs_14, item_on_display_a, uniq_edmund, uniq_blork_the_orc,
          uniq_prince_ribbit1
D:7:      overflow_temple_1_default, minmay_temple_entry_large_hall
D:8:      due_lair_maze_entry_diamond
D:9:      serial_shops, shop, uniq_pikel
D:10:     orc_david_3
Temple:   eino_temple_scatter_basement

Skill      XL: |  1  2  3  4  5  6  7  8  9 |
---------------+----------------------------+-----
Transmutations | 2 3 4 |  4.1
Spellcasting   | 5 6 |  6.6
Invocations    | 1 2 3 4 |  4.6
Fighting       | 1 2 3 4 |  4.2
Short Blades   | 1 2 3 4 |  4.2
Long Blades    | 1 2 3 4 |  4.2
Axes           | 1 2 3 4 |  4.2
Maces & Flails | 1 2 3 4 |  4.2
Polearms       | 1 2 3 4 |  4.2
Staves         | 1 2 3 4 |  4.2
Slings         | 1 2 3 4 |  4.2
Bows           | 1 2 3 4 |  4.2
Crossbows      | 1 2 3 4 |  4.2
Throwing       | 1 2 3 4 |  4.2
Armour         | 1 2 3 4 |  4.2
Shields        | 1 2 3 4 |  4.2
Unarmed Combat | 1 2 3 4 |  4.2
Evocations     | 1 2 3 4 |  4.2
Conjurations   | 1 2 3 |  3.4
Hexes          | 1 2 3 |  3.4
Charms         | 1 2 3 |  3.4
Summonings     | 1 2 3 |  3.4
Necromancy     | 1 2 3 |  3.4
Translocations | 1 2 3 |  3.4
Fire Magic     | 1 2 3 |  3.4
Ice Magic      | 1 2 3 |  3.4
Air Magic      | 1 2 3 |  3.4
Poison Magic   | 1 2 3 |  3.4
Dodging        | 5 6 |  6.3
Stealth        | 5 6 |  6.0
Earth Magic    | 6 |  6.5

Action                   |  1- 3 |  4- 6 |  7- 9 || total
-------------------------+-------+-------+-------++-------
Melee: Dagger            |     4 |     3 |    35 ||    42
       Bite              |       |       |     2 ||     2
 Cast: Sandblast         |    27 |    32 |    62 ||   121
       Passwall          |     8 |     2 |    13 ||    23
       Petrify           |       |       |     3 ||     3
Evoke: Wand              |       |     3 |    14 ||    17
  Use: Scroll            |       |       |     7 ||     7
       Potion            |       |       |     1 ||     1
 Stab: Sleeping          |     4 |     1 |     5 ||    10
       Petrified         |       |       |     5 ||     5
       Paralysed         |       |       |    11 ||    11
  Eat: Chunk             |       |       |     4 ||     4
Armor: Robe              |     1 |       |    12 ||    13
Dodge: Dodged            |     7 |    10 |    45 ||    62

Table legend:
 A = Spawn XP
 B = Non-spawn XP
 C = Spawn XP percentage of total XP
 D = Spawn monster count
 E = Non-spawn monster count
 F = Spawn count percentage of total count
 G = Total turns spent on level
                    A         B        C        D         E        F      G
               +---------+---------+-------+---------+---------+-------+---------
         Total |       0 |    3442 |   0.0 |       0 |      94 |   0.0 |  2099
               +---------+---------+-------+---------+---------+-------+---------
           D:1 |       0 |      27 |   0.0 |       0 |      11 |   0.0 |   263
           D:2 |       0 |      26 |   0.0 |       0 |       6 |   0.0 |   109
           D:3 |       0 |      23 |   0.0 |       0 |       3 |   0.0 |    96
           D:4 |       0 |      39 |   0.0 |       0 |       4 |   0.0 |   343
           D:5 |       0 |     440 |   0.0 |       0 |      16 |   0.0 |   386
           D:6 |       0 |     963 |   0.0 |       0 |      21 |   0.0 |   336
           D:7 |       0 |    1151 |   0.0 |       0 |      17 |   0.0 |   182
           D:8 |       0 |     115 |   0.0 |       0 |       1 |   0.0 |    42
           D:9 |       0 |     658 |   0.0 |       0 |      15 |   0.0 |   238
               +---------+---------+-------+---------+---------+-------+---------

Table legend:
 A = Turns spent in this place as a percentage of turns spent in the entire game.
 B = Non-inter-level travel turns spent in this place as a percentage of non-inter-level travel turns spent in the entire game.
 C = Inter-level travel turns spent in this place as a percentage of turns spent in this place.
 D = Turns resting spent in this place as a percentage of non-inter-level travel turns spent in this place.
 E = Turns spent auto-exploring this place as a percentage of non-inter-level travel turns spent in this place.
 F = Non-inter-level travel turns spent in this place divided by the number of levels of this place that you've seen.
                   A       B       C       D       E      F
               +-------+-------+-------+-------+-------+----------------------
         Total | 100.0 | 100.0 |   2.3 |   0.0 |   0.0 | 186.5
       Dungeon |  95.3 |  95.7 |   1.9 |   0.0 |   0.0 | 196.2
        Temple |   4.7 |   4.3 |   9.2 |   0.0 |   0.0 |  89.0
               +-------+-------+-------+-------+-------+----------------------

Table legend:
 A = Kills in this place as a percentage of kills in entire the game.
 B = Kills by you in this place as a percentage of kills by you in the entire game.
 C = Kills by friends in this place as a percentage of kills by friends in the entire game.
 D = Other kills in this place as a percentage of other kills in the entire game.
 E = Experience gained in this place as a percentage of experience gained in the entire game.
 F = Experience gained in this place divided by the number of levels of this place that you have seen.
                   A       B       C       D       E      F
               +-------+-------+-------+-------+-------+----------------------
         Total | 100.0 | 100.0 |   N/A |   N/A | 100.0 | 312.9
       Dungeon | 100.0 | 100.0 |   N/A |   N/A | 100.0 | 344.2
               +-------+-------+-------+-------+-------+----------------------

Vault maps used:
D:1:      nzn_arrival_water_spiral, minmay_misc_feat_cross,
          evilmike_ruin_ashenzari
D:2:      grunt_ministairs_13, uniq_sigmund
D:3:      minmay_rat_hole, uniq_robin
D:4:      minitemple, lemuel_crystal_altar
D:5:      first_ration, hangedman_abyss_or_decor_lesser_grid, uniq_duvessa,
          uniq_crazy_yiuf_cottage
D:6:      st_stairs_14, item_on_display_a, uniq_edmund, uniq_blork_the_orc,
          uniq_prince_ribbit1
D:7:      overflow_temple_1_default, minmay_temple_entry_large_hall
D:8:      due_lair_maze_entry_diamond
D:9:      serial_shops, shop, uniq_pikel
D:10:     orc_david_3
Temple:   eino_temple_scatter_basement
